 Seeded DCSS version 0.30-a0-297-g0ec75d9ef4 (webtiles) character file.

Game seed: 3022450438137079507 (custom seed)

46552 Iusername the Severer (level 14, -2/199 HPs)
             Began as a Minotaur Fighter on Oct 18, 2022.
             Was an Initiate of Gozag.
             Succumbed to poison (poison gas)
             ... on level 5 of the Lair of Beasts.
             The game lasted 00:26:40 (19053 turns).

Iusername the Severer (Minotaur Fighter)           Turns: 19053, Time: 00:26:41

Health: -2/199     AC: 17    Str: 26    XL:     14   Next: 5%
Magic:  13/13      EV:  9    Int: 13    God:    Gozag
Gold:   496        SH: 23    Dex: 12    Spells: 13/13 levels left

rFire   . . .      SeeInvis +    F - +3 war axe (flame)
rCold   . . .      Faith    .    v - +5 kite shield
rNeg    . . .      Spirit   .    b - +0 scale mail
rPois   .          Reflect  +    a - +0 hat
rElec   .          Harm     .    x - +2 cloak of the Thief {*Fog Slay-2 SInv Stlth+}
rCorr   +          Rampage  .    D - +2 pair of gloves
Will    ++...                    (no boots)
Stlth   ..........               J - amulet of reflection
HPRegen 0.53/turn                g - +6 ring of intelligence
MPRegen 0.13/turn                C - ring "Casmiw" {Will+ rCorr Int+2 Dex+2}

@: berserking (expiring), lethally poisoned (-2 -> -27), gold aura, hasted, very
quick
A: horns 2, retaliatory headbutt
a: Renounce Religion, Potion Petition, Call Merchant, Bribe Branch


You were on level 5 of the Lair of Beasts.
You worshipped Gozag.
Gozag was aware of your devotion.
You visited 3 branches of the dungeon, and saw 17 of its levels.

You collected 3700 gold pieces.
You spent 581 gold pieces at shops.
You paid 2623 gold pieces to Gozag.

Inventory:

Hand Weapons
 F - a +3 war axe of flaming (weapon)
Armour
 a - a +0 hat (worn)
 b - a +0 scale mail (worn)
 v - a +5 kite shield (worn)
 x - the +2 cloak of the Thief (worn) {*Fog Slay-2 SInv Stlth+}
   (You acquired it on level 7 of the Dungeon)

   It may release a thick cloud of smoke when the wearer is hurt.
   Slay:      It affects your accuracy & damage with ranged weapons and melee
   (-2).
   SInv:      It lets you see invisible.
   Stlth:     It makes you more stealthy.
 D - a +2 pair of gloves (worn)
Jewellery
 d - a ring of see invisible
 g - a +6 ring of intelligence (left hand)
 y - a +6 ring of intelligence
 A - a ring of magical power
 C - the ring "Casmiw" (right hand) {Will+ rCorr Int+2 Dex+2}
   (You acquired it on level 11 of the Dungeon)

   [ring of resist corrosion]

   Int:       It affects your intelligence (+2).
   Dex:       It affects your dexterity (+2).
   rCorr:     It protects you from acid and corrosion.
   Will:      It increases your willpower.
 E - a ring of magical power
 J - an amulet of reflection (around neck)
 K - a ring of wizardry
Wands
 c - a wand of roots (19)
 i - a wand of mindburst (14)
 o - a wand of polymorph (3)
 s - a wand of paralysis (5) (quivered)
Scrolls
 f - 2 scrolls of identify
 h - 7 scrolls of immolation
 l - 3 scrolls of butterflies
 n - a scroll of enchant weapon
 t - 4 scrolls of fear
 u - 11 scrolls of teleportation
 w - 3 scrolls of vulnerability
 B - a scroll of magic mapping
Potions
 e - a potion of mutation
 j - 3 potions of attraction
 k - 4 potions of brilliance
 m - 10 potions of flight
 r - 9 potions of curing
 z - a potion of ambrosia
 G - a potion of invisibility
 H - a potion of degeneration
 M - a potion of cancellation {unknown}
Miscellaneous
 p - a phial of floods
 I - a tin of tremorstones (2/2)
 L - a phantom mirror


   Skills:
 + Level 14.9 Fighting
 + Level 15.6 Axes
 + Level 15.0 Armour
 + Level 15.0 Shields


You had 13 spell levels left.
You didn't know any spells.
Your spell library contained the following spells:

 Spells                   Type           Power      Damage    Failure   Level
 Magic Dart               Conj           0%         1d3       69%         1
 Shock                    Conj/Air       0%         1d3       69%         1
 Blink                    Tloc           0%         N/A       83%         2
 Call Imp                 Summ           0%         N/A       83%         2
 Static Discharge         Conj/Air       0%         2-2/arc   83%         2
 Sublimation of Blood     Necr           0%         N/A       83%         2
 Wereblood                Tmut           0%         N/A       83%         2
 Dazzling Flash           Conj/Hex       0%         N/A       96%         3
 Inner Flame              Hex/Fire       0%         N/A       96%         3
 Mephitic Cloud           Conj/Pois/Air  0%         N/A       96%         3
 Stone Arrow              Conj/Erth      0%         3d7       96%         3
 Airstrike                Air            0%         2d(0-16)  100%        4
 Cause Fear               Hex            0%         N/A       100%        4
 Leda's Liquefaction      Hex/Erth       0%         N/A       100%        4
 Manifold Assault         Tloc           0%         N/A       100%        4
 Summon Lightning Spire   Summ/Air       0%         N/A       100%        4
 Agony                    Necr           0%         N/A       100%        5
 Freezing Cloud           Conj/Ice/Air   0%         6-21      100%        5
 Lee's Rapid Deconstruct  Erth           0%         3d4*      100%        5
 Lightning Bolt           Conj/Air       0%         1d11      100%        5
 Silence                  Hex/Air        0%         N/A       100%        5
 Dispersal                Tloc           0%         N/A       100%        6
 Statue Form              Tmut/Erth      0%         N/A       100%        6
 Storm Form               Tmut/Air       0%         N/A       100%        7
 Summon Hydra             Summ           0%         N/A       100%        7
 Discord                  Hex            0%         N/A       100%        8
 Disjunction              Tloc           0%         N/A       100%        8
 Chain Lightning          Conj/Air       0%         N/A       100%        9


Dungeon Overview and Level Annotations

Branches:
Dungeon (11/15)            Temple (1/1) D:4            Lair (5/5) D:10
  Swamp (0/4) Lair:3       Spider (0/4) Lair:2        Slime (0/5) Lair:4
    Orc: D:9-12

Altars:
Ashenzari
Cheibriados
Dithmenos
Elyvilon
Fedhas
Gozag
Hepliaklqana
Kikubaaqudgha
Makhleb
Nemelex Xobeh
Okawaru
Qazlal
Ru
Trog
Uskayaw
Vehumet
Wu Jian
Xom
Yredelemnul
Zin
The Shining One

Shops:
D:2 (   D:8 =   D:9 !   D:10 ?   D:11 *   Lair:3 (

Annotations:
Lair:2 3 runed translucent doors, Faocaxoob's ghost, journeyman MiBe; Qyacsuop's ghost, journeyman DsAK


Innate Abilities, Weirdness & Mutations

You have a pair of horns on your head.
You reflexively headbutt those who attack you in melee.


Message History

You feel very sick.
You barely miss the fire dragon.
The fire dragon is moderately wounded.
* * * LOW HITPOINT WARNING * * *
You feel extremely sick. You block the fire dragon's attack.
The fire dragon claws you but does no damage.
The fire dragon tramples you but does no damage.
You hit the fire dragon but do no damage.
You headbutt the fire dragon!
The fire dragon is moderately wounded.
* * * LOW HITPOINT WARNING * * *
You feel extremely sick.
You barely miss the fire dragon.
The fire dragon is moderately wounded.
* * * LOW HITPOINT WARNING * * *
You feel very sick. The fire dragon breathes flames at you.
The blast of flame hits you.
* * * LOW HITPOINT WARNING * * *
You hear an angry hiss.
You barely miss the fire dragon.
The fire dragon is moderately wounded.
* * * LOW HITPOINT WARNING * * *
You feel very sick. You block the fire dragon's attack. x2
The fire dragon tramples you but does no damage.
You slice the fire dragon!! Your headbutt misses the fire dragon.
The fire dragon is heavily wounded.
* * * LOW HITPOINT WARNING * * *
You feel very sick.
You slash the fire dragon!
The fire dragon is severely wounded.
* * * LOW HITPOINT WARNING * * *
You feel very sick.
Okay, then.
You slash the fire dragon! You headbutt the fire dragon!
The fire dragon is almost dead.
You die...
Your body crumbles into a pile of gold.

♣♣..~≈~~.≈♣ ♣♣.
♣♣♣...~♣♣♣.~≈.
♣.
♣....~♣♣♣♣♣..≈~
♣
♣♣♣.~~♣♣♣.♣♣♣.~≈
♣~~≈.♣♣![.}[ ♣♣~
♣~≈≈♣♣♣.?($)
♣≈~≈♣~.$...$
♣...~~~...~.
♣♣.@D≈.~~≈≈~
♣♣..~≈≈~≈≈≈
♣♣...~.~~≈
♣♣♣.~♣..~ ).♣ ♣.
♣♣♣


You could see a fire dragon (catching breath).

Vanquished Creatures
  3 hydras
  A catoblepas (Lair:4)
  A centaur warrior (D:11)
  9 death yaks (Lair:5)
  2 two-headed ogres
  A swamp dragon (Lair:5)
  Pikel (D:4)
  2 deep elf zephyrmancers (D:11)
  An orc sorcerer (D:11)
  A cyclops (D:11)
  An ugly thing (D:11)
  An oklob plant (Lair:3)
  8 elephants
  4 gargoyles (D:11)
  5 black mambas
  9 cane toads
  Maggie (D:6)
  9 komodo dragons
  5 rime drakes
  A queen bee (shapeshifter) (Lair:1)
  A yaktaur (D:11)
  A hornet (D:9)
  5 polar bears
  4 dream sheep (Lair:3)
  17 blink frogs
  Sigmund (D:2)
  A culicivora (Lair:2)
  2 shadows (D:11)
  2 wyverns
  2 basilisks
  42 yaks
  2 wraiths
  2 redbacks (Lair:2)
  2 steam dragons (Lair:5)
  5 vampire mosquitoes (Lair:3)
  5 water moccasins
  2 acid dragons (Lair:5)
  A sky beast (D:8)
  7 orc warriors
  A swamp drake (Lair:5)
  An ice beast (D:8)
  6 black bears
  4 ogres
  6 centaurs
  18 wolves
  A lemure (D:4)
  A phantom (D:6)
  A kobold brigand (D:10)
  8 bullfrogs
  2 gnoll sergeants (D:9)
  A necrophage (D:4)
  2 scorpions
  8 wights
  9 killer bees
  An electric eel (Lair:3)
  An orc priest (D:4)
  5 hounds
  5 jellies
  8 iguanas
  8 orc wizards
  4 gnolls
  9 adders
  A white imp (D:6)
  3 ufetubi
  2 worms (D:2)
  2 dart slugs
  33 orcs
  12 ball pythons
  4 bats
  9 endoplasms
  3 giant cockroaches
  16 goblins
  16 hobgoblins
  4 jackals (D:5)
  11 kobolds
  3 quokkas
  5 frilled lizards
  4 rats
408 creatures vanquished.

Vanquished Creatures (others)
  Nessos (Lair:5)
  20 fungi
  46 plants
67 creatures vanquished.

Grand Total: 475 creatures vanquished

Notes
Turn   | Place    | Note
-------+----------+-------------------------------------------
     0 | D:1      | Iusername the Minotaur Fighter began the quest for the Orb.
     0 | D:1      | Reached XP level 1. HP: 19/19 MP: 0/0
   153 | D:1      | Reached XP level 2. HP: 24/27 MP: 1/1
   397 | D:1      | Reached XP level 3. HP: 30/33 MP: 2/2
   713 | D:1      | Reached XP level 4. HP: 45/45 MP: 3/3
  1124 | D:2      | Reached XP level 5. HP: 48/52 MP: 4/4
  1261 | D:2      | Noticed Sigmund
  1284 | D:2      | Killed Sigmund
  1285 | D:2      | Reached XP level 6. HP: 18/60 MP: 5/5
  1654 | D:2      | Found Juamen's Weapon Shop.
  1935 | D:3      | Found a basalt altar of Yredelemnul.
  2031 | D:3      | Found a faded altar of an unknown god.
  2181 | D:3      | Found a radiant altar of Vehumet.
  2525 | D:4      | Reached XP level 7. HP: 66/66 MP: 6/6
  2701 | D:4      | Noticed Pikel
  2709 | D:4      | Killed Pikel
  2710 | D:4      | Reached XP level 8. HP: 44/74 MP: 7/7
  3149 | D:4      | Found a staircase to the Ecumenical Temple.
  3199 | Temple   | Entered the Ecumenical Temple
  3268 | Temple   | Became a worshipper of Gozag Ym Sagoz the Greedy
  3298 | D:5      | Entered Level 5 of the Dungeon
  3501 | D:5      | Found a sparkling altar of Nemelex Xobeh.
  3721 | D:5      | Found a bloodstained altar of Trog.
  4258 | D:6      | Found an iron altar of Okawaru.
  4321 | D:6      | Found a hide-covered altar of Uskayaw.
  4329 | D:6      | Reached skill level 10 in Axes
  4390 | D:6      | Found a hazy altar of Hepliaklqana.
  4394 | D:6      | Found a white marble altar of Elyvilon.
  4452 | D:6      | Reached XP level 9. HP: 82/82 MP: 8/8
  4571 | D:6      | Noticed Maggie
  4573 | D:6      | Paralysed by Maggie for 2 turns
  4586 | D:6      | Killed Maggie
  5935 | D:7      | Identified a scroll of acquirement
  5935 | D:7      | Acquired the +2 cloak of the Thief {*Fog Slay-2 SInv
                  | Stlth+}
  5935 | D:7      | Found the +2 cloak of the Thief {*Fog Slay-2 SInv Stlth+}
  6325 | D:8      | Found Quem's Jewellery Shoppe.
  6452 | D:9      | Found Hariko Amoill's Distillery.
  6908 | D:9      | Reached XP level 10. HP: 75/91 MP: 9/9
  6991 | D:9      | Bought 2 potions of berserk rage for 160 gold pieces
  6991 | D:9      | Bought a potion of berserk rage for 80 gold pieces
  6991 | D:9      | Bought a potion of heal wounds for 80 gold pieces
  6991 | D:9      | Bought a potion of heal wounds for 80 gold pieces
  6991 | D:9      | Bought a potion of curing for 48 gold pieces
  7043 | D:9      | Reached skill level 10 in Armour
  7043 | D:9      | Reached skill level 10 in Shields
  7046 | D:9      | Reached skill level 10 in Fighting
  8363 | D:9      | Got the Atlas of Petrified Conduction
  8565 | D:10     | Entered Level 10 of the Dungeon
  8636 | D:10     | Noticed a two-headed ogre
  8646 | D:10     | Killed a two-headed ogre
  8814 | D:10     | Reached XP level 11. HP: 80/101 MP: 10/10
  8899 | D:10     | Found a staircase to the Lair.
  9021 | D:10     | Found Ilor's Magic Scroll Emporium.
  9033 | D:10     | Bought a scroll of brand weapon for 133 gold pieces
  9242 | D:11     | Acquired the ring "Casmiw" {Will+ rCorr Int+2 Dex+2}
  9452 | D:11     | Noticed a two-headed ogre
  9464 | D:11     | Killed a two-headed ogre
  9600 | D:11     | Noticed a deep elf zephyrmancer
  9600 | D:11     | Noticed a deep elf zephyrmancer
  9611 | D:11     | Noticed an orc sorcerer
  9620 | D:11     | Killed a deep elf zephyrmancer
  9626 | D:11     | Noticed a brown ugly thing
  9628 | D:11     | Killed an orc sorcerer
  9642 | D:11     | Killed a deep elf zephyrmancer
  9649 | D:11     | Killed a brown ugly thing
 10504 | D:11     | Found Douqei's Assorted Antiques.
 10692 | D:11     | Noticed a centaur warrior
 10705 | D:11     | Killed a centaur warrior
 11452 | Lair:1   | Entered Level 1 of the Lair of Beasts
 11857 | Lair:1   | Reached XP level 12. HP: 104/112 MP: 11/11
 12423 | Lair:2   | Found a hole to the Spider Nest.
 13125 | Lair:2   | Found a runed translucent gate.
 13126 | Lair:2   | Found a runed translucent gate.
 13126 | Lair:2   | Found a runed translucent gate.
 13130 | Lair:2   | Noticed Qyacsuop's ghost (journeyman DsAK)
 13130 | Lair:2   | Noticed Faocaxoob's ghost (journeyman MiBe)
 13404 | Lair:3   | Found a hazy altar of Hepliaklqana.
 14238 | Lair:3   | Noticed a six-headed hydra
 14251 | Lair:3   | Killed a 13-headed hydra
 15033 | Lair:3   | Found a staircase to the Swamp.
 15568 | Lair:4   | Found a staircase to the Slime Pits.
 15677 | Lair:4   | Noticed a catoblepas
 15688 | Lair:4   | Killed a catoblepas
 15787 | Lair:4   | Reached XP level 13. HP: 60/122 MP: 12/12
 16510 | Lair:5   | Entered Level 5 of the Lair of Beasts
 16903 | Lair:5   | Noticed Nessos
 17327 | Lair:5   | Killed Nessos
 17328 | Lair:5   | Reached skill level 15 in Axes
 17681 | Lair:5   | Identified the +1 leather armour of Feluer {Regen+}
 18279 | Lair:5   | Reached skill level 15 in Shields
 18279 | Lair:5   | Reached XP level 14. HP: 94/133 MP: 13/13
 19031 | Lair:5   | Reached skill level 15 in Armour
 19050 | Lair:5   | HP: 8/199 [poison (poison gas)]
 19052 | Lair:5   | HP: 1/199 [poison (poison gas)]
 19053 | Lair:5   | Succumbed to poison (poison gas)

Illustrated notes

Levels and vault maps discovered:
D:1:      moated_graveyard_arrival, layout_loops_ring
D:2:      wad_river_or_something, layout_basic, serial_shops,
          nicolae_shop_bloodbath_and_beyond, minmay_divided_ellipse,
          uniq_sigmund
D:3:      layout_rooms, nicolae_vehumet_altar_sigil, yredelemnul_altar_generic,
          ebering_ecumenical_altar_petrified
D:4:      layout_rooms, minmay_temple_entry_proselytizer,
          hangedman_abyss_or_decor_stabs, uniq_pikel
D:5:      layout_loops_corners, marbit_many_paths,
          mainiacjoe_overflow_boulevard, kennysheep_another_room
D:6:      layout_loops_ring, grunt_temple_overflow_open, minmay_misc_feat_tower,
          hangedman_glass_garden, bh_walls_and_bars, uniq_maggie
D:7:      layout_cave_pools
D:8:      layout_rooms, serial_shops, shop, minmay_misc_feat_x
D:9:      layout_irregular_city, serial_column_ruins, column_ruins_circle_small,
          column_ruins_open_tiny, column_ruins_open_tiny, column_ruins_grid_1,
          column_ruins_open_medium, column_ruins_open_medium,
          column_ruins_open_small, nicolae_stop_n_shop_2,
          kennysheep_generic_room_15
D:10:     layout_cave_pools, grunt_lair_entry_orc_guard_hut, serial_shops, shop,
          ebering_dispersal_statue_hall
D:11:     minmay_glassy_protrusions, layout_basic, serial_shops, shop
Temple:   jpeg_temple_clearing
Lair:1:   layout_cave_pods
Lair:2:   layout_loops_ring, spider_nest_entry_funnel_web,
          gammafunk_ghost_cemetery, minmay_holes
Lair:3:   layout_roguey, minmay_swamp_entry_swarm, lemuel_oklob_altar
Lair:4:   layout_hall_layers, slime_entry_1, cheibrodos_lair_lostbears
Lair:5:   guppyfry_lair_end_dragon, layout_cave_pods, minivault_26,
          lemuel_fruit_tree, grunt_megastairs_5, uniq_nessos

Skill      XL: |  1  2  3  4  5  6  7  8  9 10 11 12 13 14 |
---------------+-------------------------------------------+-----
Fighting       | 4 6 7 8 9 10 12 13 14 | 14.9
Axes           | 3 8 9 10 11 13 14 15 | 15.6
Armour         | 4 6 7 8 9 10 12 13 14 15 | 15.0
Shields        | 4 7 8 9 10 12 13 15 | 15.0

Action                   |  1- 3 |  4- 6 |  7- 9 | 10-12 | 13-15 || total
-------------------------+-------+-------+-------+-------+-------++-------
Melee: War axe           |    48 |   103 |   275 |   529 |   302 ||  1257
       Headbutt          |     5 |    13 |    46 |   121 |    53 ||   238
Invok: Potion Petition   |       |       |       |     1 |     3 ||     4
       Call Merchant     |       |       |       |     1 |       ||     1
Evoke: Wand              |       |       |       |       |    22 ||    22
       Phial of floods   |       |       |       |       |     1 ||     1
  Use: Potion            |     2 |     1 |     1 |     7 |     9 ||    20
       Scroll            |       |     4 |    13 |    10 |     4 ||    31
 Stab: Distracted        |       |       |     2 |     3 |     4 ||     9
       Paralysed         |       |       |       |     2 |       ||     2
       Confused          |       |       |       |     1 |       ||     1
Armor: Scale mail        |    25 |    25 |    93 |   158 |    54 ||   355
       Skin              |       |       |       |       |    44 ||    44
Dodge: Dodged            |    16 |    41 |    52 |   118 |    36 ||   263
Block: Buckler           |     5 |    19 |       |       |       ||    24
       Kite shield       |       |     7 |   144 |   457 |   298 ||   906
       Reflection        |       |       |       |       |    10 ||    10

Table legend: (Time is in decaauts)
 A = Elapsed time spent in this place.
 B = Non-inter-level travel time spent in this place.
 C = Inter-level travel time spent in this place.
 D = Time resting spent in this place.
 E = Time spent auto-exploring this place.
 F = Levels seen in this place.
 G = Mean time per level.
                   A        B        C        D        E       F      G
               +--------+--------+--------+--------+--------+-----+--------+
         Total |  19070 |  18515 |    555 |   4355 |  11475 |  17 | 1121.8 |
       Dungeon |  11471 |  11037 |    434 |   2558 |   6748 |  11 | 1042.8 |
        Temple |     85 |     67 |     18 |      0 |     54 |   1 |   85.0 |
          Lair |   7513 |   7411 |    102 |   1796 |   4672 |   5 | 1502.6 |
               +--------+--------+--------+--------+--------+-----+--------+

Top non-repeatable levels by time:
  Lair:5: 2462 daAuts
    D:11: 2214 daAuts
  Lair:3: 2153 daAuts
     D:9: 1879 daAuts
     D:6: 1215 daAuts
     D:2: 1143 daAuts
  Lair:2: 1016 daAuts
     D:5: 965 daAuts
  Lair:4: 949 daAuts
  Lair:1: 931 daAuts
     D:4: 794 daAuts
     D:1: 771 daAuts
    D:10: 685 daAuts
     D:8: 667 daAuts
     D:7: 590 daAuts
